 Dungeon Crawl Stone Soup version 0.31.0-9-g3a7656b989 (webtiles) character file.

Game seed: 12048315386741024183

95 qw the Shooter (level 4, -1/25 HPs)
             Began as a Deep Elf Hunter on Feb 2, 2024.
             Incinerated by a bombardier beetle (3 damage)
             ... with a burning spray
             ... on level 3 of the Dungeon.
             The game lasted 00:00:06 (1839 turns).

qw the Shooter (Deep Elf Hunter)                    Turns: 1839, Time: 00:00:06

Health: -1/25      AC:  4    Str: 10    XL:     4   Next: 39%
Magic:  6/6        EV: 12    Int: 14    God:
Gold:   55         SH:  0    Dex: 18    Spells: 3/3 levels left

rFire   . . .        a - +0 shortbow
rCold   . . .        (shield currently unavailable)
rNeg    . . .        c - +0 leather armour
rPois   .            (no helmet)
rElec   .            (no cloak)
rCorr   .            (no gloves)
SInv    .            f - +0 pair of boots
Will    .....        (no amulet)
Stlth   +            (no ring)
HPRegen 0.24/turn    (no ring)
MPRegen 0.10/turn

%: no passive effects
@: on fire, glowing
A: no striking features
a: no special abilities


You were on level 3 of the Dungeon.
You visited 1 branch of the dungeon, and saw 3 of its levels.

You collected 55 gold pieces.


   Skills:
 - Level 1.5 Fighting
 + Level 7.8 Ranged Weapons
 - Level 2.4 Dodging
 - Level 1.2 Stealth


You had 3 spell levels left.
You didn't know any spells.
Your spell library was empty.

Inventory:

Hand Weapons
 a - a +0 shortbow (weapon)
Armour
 c - a +0 leather armour (worn)
 f - a +0 pair of boots (worn)
Jewellery
 e - a ring of poison resistance
Potions
 d - a potion of might
 g - a potion of curing {unknown}
 i - a potion of invisibility {unknown}

Dungeon Overview and Level Annotations

Branches:
Dungeon (3/15)

Altars:

Annotations:
D:3 Ijyb


Message History

Ijyb hits you with a +0 dagger.
A bombardier beetle comes into view.
You shoot an arrow. The arrow hits Ijyb.
Ijyb is moderately wounded.
Ijyb zaps a wand.
The puff of flame hits you!
You shoot an arrow. The arrow hits Ijyb but does no damage.
Ijyb is moderately wounded.
Ijyb closely misses you.
You shoot an arrow. The arrow hits Ijyb!
Ijyb is severely wounded.
Ijyb barely misses you.
The bombardier beetle sprays incendiary fluid at you.
The burning spray hits you.
You are covered in liquid fire!
You shoot an arrow. The arrow hits Ijyb but does no damage.
Ijyb is severely wounded.
The liquid fire burns you! Ijyb hits you with a +0 dagger.
1835 ||| DRINKING potion of heal wounds.
You feel much better. The liquid fire burns you!
Ijyb hits you with a +0 dagger.
The bombardier beetle sprays incendiary fluid at you.
The burning spray hits you.
You are even more covered in liquid fire!
You shoot an arrow. The arrow barely misses Ijyb.
The liquid fire burns you! Ijyb hits you with a +0 dagger.
You shoot an arrow. The arrow closely misses Ijyb.
The liquid fire burns you! Ijyb screams, "Me kill you!"
Ijyb zaps a wand.
The puff of flame hits you.
You shoot an arrow. The arrow hits Ijyb but does no damage.
Ijyb is severely wounded.
The liquid fire burns you! Ijyb hits you but does no damage.
The bombardier beetle barely misses you.
You shoot an arrow. The arrow closely misses Ijyb.
The liquid fire burns you!
You die...

####...## ##.## #.#
############.#
####...%.....##.###
###
#.......####.##....
...#.##.##.####.######
#..##.##.#....(..#
#.B@..##.#.##.##.#
#.g#####.#.##.##.#
...#. #)#.##..#.# #.##
.. ..#.###.#.# ...
#.#.###.#.### ....
#.......... .....
#####...... ###...
#...... #..####


You could see Ijyb and a bombardier beetle.

Vanquished Creatures
  6 adders
  A dart slug (D:2)
  5 bats
  2 endoplasms (D:2)
  A giant cockroach (D:1)
  6 goblins
  4 hobgoblins
  4 quokkas
  4 ball pythons
  2 frilled lizards
  3 kobolds (D:1)
  4 rats
42 creatures vanquished.

Notes
Turn   | Place    | Note
-------+----------+-------------------------------------------
     0 | D:1      | qw the Deep Elf Hunter began the quest for the Orb.
     0 | D:1      | Reached XP level 1. HP: 12/12 MP: 3/3
     0 | D:1      | 0 ||| qw: Version: 0.3-a-155-g5e7d8dd
     0 | D:1      | 0 ||| qw: Game counter: 2115
     0 | D:1      | 0 ||| qw: Melee chars always use a shield: true
     0 | D:1      | 0 ||| qw: God list: Okawaru
     0 | D:1      | 0 ||| qw: Allow faded altars: false
     0 | D:1      | 0 ||| qw: Do Orc after clearing Dungeon:15 true
     0 | D:1      | 0 ||| qw: Do second Lair branch before Depths: true
     0 | D:1      | 0 ||| qw: Lair rune preference: random
     0 | D:1      | 0 ||| qw: Goals: Normal
     0 | D:1      | 0 ||| PLANNING D:1-11
   433 | D:1      | Reached skill level 6 in Ranged Weapons
   433 | D:1      | Reached XP level 2. HP: 16/16 MP: 4/4
  1008 | D:1      | 1008 ||| UPGRADING to +0 pair of boots.
  1013 | D:1      | 1013 ||| READING 2 scrolls labelled ZOCRON SITSIOV.
  1013 | D:1      | 1013 ||| IDENTIFYING cyan potion
  1014 | D:1      | 1014 ||| DROPPING scroll of butterflies.
  1053 | D:2      | Reached XP level 3. HP: 20/20 MP: 5/5
  1205 | D:2      | Reached skill level 7 in Ranged Weapons
  1236 | D:2      | HP: 5/20 [adder (3)]
  1239 | D:2      | HP: 2/20 [poisoned by an adder]
  1330 | D:2      | Reached XP level 4. HP: 25/25 MP: 6/6
  1551 | D:2      | 1551 ||| DROPPING +6 ring of intelligence.
  1552 | D:2      | 1552 ||| READING scroll of identify.
  1552 | D:2      | 1552 ||| IDENTIFYING bubbling cyan potion
  1553 | D:2      | 1553 ||| READING scroll labelled COEXUI ROCKESE.
  1554 | D:2      | 1554 ||| READING scroll labelled UTUXIOSKEPN.
  1573 | D:3      | 1573 ||| STAIRDANCE
  1820 | D:3      | Noticed Ijyb
  1834 | D:3      | HP: 5/25 [burnt (5)]
  1834 | D:3      | HP: 1/25 [Ijyb/+0 dagger (4)]
  1835 | D:3      | 1835 ||| DRINKING potion of heal wounds.
  1839 | D:3      | Incinerated by a bombardier beetle

Levels and vault maps discovered:
D:1:      saegor_arrival_miasma, layout_basic, minmay_misc_feat_more_columns,
          chequers_serial_rivers_large_b
D:2:      layout_rooms
D:3:      layout_loops_cross, mainiacjoe_overflow_tiny_flanked, uniq_ijyb

Skill      XL: |  1  2  3 |
---------------+----------+-----
Ranged Weapons | 6 7 |  7.8
Fighting       | |  1.5
Dodging        | |  2.4
Stealth        | |  1.2

Action                     |  1- 3 |  4- 6 || total
---------------------------+-------+-------++-------
   Fire: Shortbow          |   102 |    42 ||   144
    Use: Scroll            |     1 |     3 ||     4
         Potion            |       |     1 ||     1
 Armour: Leather armour    |    21 |    15 ||    36
  Dodge: Dodged            |    17 |    11 ||    28

Table legend:
 A = Non-vault XP
 B = Vault XP
 C = Vault XP percentage of total XP
 D = Non-vault monster count
 E = Vault monster count
 F = Vault count percentage of total count
                 A         B        C        D         E       F
            +---------+---------+-------+---------+---------+-------
      Total |     136 |       0 |   0.0 |      42 |       0 |   0.0
            +---------+---------+-------+---------+---------+-------
        D:1 |      19 |       0 |   0.0 |      13 |       0 |   0.0
        D:2 |      94 |       0 |   0.0 |      22 |       0 |   0.0
        D:3 |      23 |       0 |   0.0 |       7 |       0 |   0.0
            +---------+---------+-------+---------+---------+-------
